Map: Apotheosis LE

Players

SortOf

  • Race: Zerg Zerg

Toodming - Winner!

  • Race: Zerg Zerg

Event: 2016 WCS Summer Circuit Championship (DH Montreal)

VOD

Have the link to the VOD?

Description

Time

  • Played on: Aug. 12, 2016, 3:47 p.m.
  • Length: 5:56

All games in this series

Show
View Real Time Build Order
Export as new Build Order

SortOf Zerg 

Build Orders: Pool First 

Get SALT Encoding   

  12  0:00  Drone  
  13  0:14  Extractor  
  12  0:24  Spawning Pool  
  11  0:28  Drone  
  11  0:33  Drone  
  13  0:38  Drone  
  14  0:49  Overlord  
  14  1:11  Queen  
  14  1:15  Metabolic Boost  
  16  1:20  Zergling x2  
  16  1:23  Zergling x2  
  18  1:37  Baneling Nest  
  18  1:38  Zergling x2  
  18  1:44  Zergling x2  
  19  1:49  Zergling x2  
  19  1:53  Zergling x2  
  21  2:03  Overlord  
  21  2:14  Zergling x2  
  22  2:22  Zergling x6  
  25  2:27  Baneling x2  
  25  2:30  Zergling x2  
  25  2:33  Baneling x2  
  26  2:43  Zergling x2  
  26  2:48  Baneling  
  26  2:51  Zergling x2  
  27  3:02  Zergling x4  
  27  3:16  Drone  
  27  3:19  Drone, Zergling x2  
  26  3:30  Drone x2  
  26  3:31  Overlord  
  24  3:55  Hatchery  
  24  4:02  Drone  
  24  4:07  Drone x2  
  25  4:11  Drone x2  
  27  4:24  Queen  
  27  4:30  Evolution Chamber  
  28  4:32  Drone x2  
  28  4:36  Zergling x2  
  31  4:43  Drone  
  32  4:54  Drone x2  
  34  5:04  Drone  
  34  5:05  Drone  
  36  5:12  Drone  
  36  5:27  Hatchery  
  35  5:28  Drone x2  
  35  5:29  Drone  
  35  5:33  Zergling x6  
  41  5:37  Overlord  
Show
View Real Time Build Order
Export as new Build Order

Toodming Zerg - Winner!

Build Orders: Hatch First 

Get SALT Encoding   

  12  0:01  Drone  
  13  0:13  Overlord  
  13  0:16  Drone  
  14  0:31  Drone x2  
  14  0:35  Drone  
  17  0:52  Hatchery  
  17  0:55  Drone  
  17  0:58  Drone  
  18  1:10  Extractor  
  17  1:14  Spawning Pool  
  16  1:18  Drone  
  16  1:21  Drone  
  18  1:32  Overlord  
  19  2:01  Queen, Zergling x6  
  19  2:03  Queen  
  19  2:08  Baneling Nest  
  24  2:16  Spine Crawler  
  24  2:21  Zergling x2  
  24  2:23  Zergling x2  
  25  2:43  Queen  
  27  2:51  Baneling x3  
  27  2:52  Baneling  
  27  2:54  Queen  
  29  2:58  Drone  
  29  3:03  Drone  
  31  3:06  Drone  
  31  3:09  Baneling  
  30  3:20  Drone x2  
  30  3:25  Overlord  
  32  3:30  Drone  
  33  3:37  Drone  
  33  3:40  Drone  
  35  3:42  Overlord  
  35  3:46  Drone x2  
  37  3:54  Lair  
  37  3:58  Overlord  
  37  4:03  Drone x2  
  37  4:06  Drone  
  40  4:12  Drone x2  
  40  4:14  Extractor  
  40  4:15  Drone  
  40  4:16  Drone  
  43  4:27  Roach Warren  
  43  4:30  Drone  
  43  4:31  Evolution Chamber, Drone  
  43  4:33  Drone  
  43  4:37  Drone x2  
  46  4:39  Drone  
  47  4:50  Overlord  
  47  4:56  Nydus Network  
  47  4:58  Queen  
  48  5:09  Evolution Chamber  
  48  5:11  Roach x4  
  55  5:16  Queen  
  57  5:22  Overlord  
  57  5:33  Nydus Canal  
Tags
 
Add a new tag
Caveats
  • Supply blocks, unpowered buildings, or Contaminate may cause inaccurate times.
  • Supply counts are checked every 10 seconds.